 Dungeon Crawl Stone Soup version 0.27-a0-1273-gec92ba881d (webtiles) character file.

Game seed: 11405534786989713801

83 mordus the Poker (level 4, -7/38 HPs)
             Began as a Draconian Monk on June 11, 2021.
             Mangled by a wyvern skeleton (9 damage)
             ... on level 3 of the Dungeon.
             The game lasted 00:02:09 (2279 turns).

mordus the Poker (Draconian Monk)                   Turns: 2279, Time: 00:02:10

Health: -7/38      AC:  5    Str: 14    XL:     4   Next: 22%
Magic:  4/4        EV:  9    Int: 11    God:
Gold:   102        SH:  7    Dex: 13    Spells: 3/3 levels left

rFire    . . .     SeeInvis .   a - +0 spear
rCold    . . .     Faith    .   f - +0 kite shield
rNeg     . . .     Spirit   .   (armour unavailable)
rPois    .         Reflect  .   (helmet restricted)
rElec    .         Harm     .   (no cloak)
rCorr    .         Rampage  .   (no gloves)
Will     .....                  (no boots)
Stlth    ++........             (no amulet)
HPRegen  0.12/turn              (no ring)
MPRegen  0.09/turn              (no ring)

@: no status effects
A: AC +5, unfitting armour, cold-blooded
a: no special abilities


You were on level 3 of the Dungeon.
You visited 1 branch of the dungeon, and saw 3 of its levels.

You collected 102 gold pieces.

Inventory:

Hand Weapons
 a - a +0 spear (weapon)
Armour
 f - a +0 kite shield (worn)
Scrolls
 b - 2 scrolls of identify {unknown}
 c - a scroll of magic mapping {unknown}
 g - a scroll of immolation {unknown}
 h - a scroll of torment {unknown}
 i - 2 scrolls of fear {unknown}
 j - a scroll of teleportation {unknown}
Potions
 d - a potion of haste {unknown}
 e - a potion of berserk rage {unknown}
 k - a potion of flight {unknown}


   Skills:
 - Level 3.2 Fighting
 * Level 4.8 Polearms
 - Level 2.6 Dodging
 - Level 1.7 Stealth
 + Level 1.2 Shields


You had 3 spell levels left.
You didn't know any spells.
Your spell library was empty.

Dungeon Overview and Level Annotations

Branches:
Dungeon (3/15)

Altars:
Qazlal

Shops:
D:2 *


Innate Abilities, Weirdness & Mutations

Your plain brown scales are hard. (AC +5)
You cannot fit into any form of body armour.
You are cold-blooded and may be slowed by cold attacks.


Message History

A wyvern skeleton is nearby!
Your shield prevents you from hitting the wyvern skeleton.
The wyvern skeleton is lightly damaged.
The wyvern skeleton bites you! The wyvern skeleton bites you.
You hit the wyvern skeleton.
The wyvern skeleton is lightly damaged.
You block the wyvern skeleton's attack.
You hit the wyvern skeleton. You tail-slap the wyvern skeleton.
The wyvern skeleton is moderately damaged.
The wyvern skeleton bites you but does no damage.
You block the wyvern skeleton's attack.
You hit the wyvern skeleton.
The wyvern skeleton is heavily damaged.
The wyvern skeleton bites you but does no damage.
The wyvern skeleton barely misses you.
You hit the wyvern skeleton.
The wyvern skeleton is heavily damaged.
The wyvern skeleton bites you!
You hit the wyvern skeleton.
The wyvern skeleton is heavily damaged.
The wyvern skeleton bites you.
Your shield prevents you from hitting the wyvern skeleton.
The wyvern skeleton is heavily damaged.
The wyvern skeleton bites you but does no damage.
The wyvern skeleton barely misses you.
You hit the wyvern skeleton.
The wyvern skeleton is severely damaged.
The wyvern skeleton closely misses you.
You hit the wyvern skeleton.
The wyvern skeleton is severely damaged.
The wyvern skeleton barely misses you. The wyvern skeleton bites you.
* * * LOW HITPOINT WARNING * * *
You hit the wyvern skeleton.
The wyvern skeleton is almost destroyed.
The wyvern skeleton bites you!
* * * LOW HITPOINT WARNING * * *
You hit the wyvern skeleton.
The wyvern skeleton is almost destroyed.
The wyvern skeleton bites you!
You die...

#.# #.# #.# #.###
#.... #.#.# #Z#.#
##@#.# ##....#
###.....######
#............#
#.#......###.#####
#.##.............#
#.###....###.###<#
#.# #.#### #.# #.#
#.# #.### #.# #.#


You could see a wyvern skeleton.

Vanquished Creatures
  Jessica (D:2)
  An adder (D:1)
  A worm (D:2)
  8 endoplasms
  A giant cockroach (D:1)
  3 goblins
  2 hobgoblins
  A jackal (D:2)
  8 kobolds
  2 quokkas (D:1)
  2 bats (D:2)
  6 frilled lizards
  11 rats
47 creatures vanquished.

Notes
Turn   | Place    | Note
-------+----------+-------------------------------------------
     0 | D:1      | mordus the Draconian Monk began the quest for the Orb.
     0 | D:1      | Reached XP level 1. HP: 19/19 MP: 1/1
   396 | D:1      | Reached XP level 2. HP: 26/26 MP: 2/2
   567 | D:1      | Reached skill level 4 in Polearms
   705 | D:1      | Reached XP level 3. HP: 31/31 MP: 3/3
   745 | D:1      | Found a faded altar of an unknown god.
  1105 | D:2      | Noticed Jessica
  1295 | D:2      | Killed Jessica
  1296 | D:2      | Reached skill level 1 in Shields
  1358 | D:2      | Found Tyampuer's Assorted Antiques.
  1361 | D:2      | Reached XP level 4. HP: 38/38 MP: 4/4
  1650 | D:2      | Found a stormy altar of Qazlal.
  2278 | D:3      | HP: 1/38 [wyvern skeleton (10)]
  2279 | D:3      | Mangled by a wyvern skeleton

Illustrated notes

Levels and vault maps discovered:
D:1:      dpeg_arrival_houses_and_road, layout_basic,
          shapermc_ecumenical_altar_flowoftime
D:2:      layout_basic, basic_altar, serial_shops, shop, st_stairs_4,
          kennysheep_generic_room_15, uniq_jessica
D:3:      layout_loops_ring

Skill      XL: |  1  2  3 |
---------------+----------+-----
Polearms       | 4 |  4.8
Shields        | 1 |  1.2
Fighting       | |  3.2
Dodging        | |  2.6
Stealth        | |  1.7

Action                   |  1- 3 |  4- 6 || total
-------------------------+-------+-------++-------
Melee: Spear             |   107 |    66 ||   173
       Tailslap          |     5 |     6 ||    11
 Stab: Sleeping          |     7 |     1 ||     8
Armor: Skin              |    17 |    10 ||    27
Dodge: Dodged            |    40 |    17 ||    57
Block: Kite shield       |     9 |    13 ||    22

Table legend: (Time is in decaauts)
 A = Elapsed time spent in this place.
 B = Non-inter-level travel time spent in this place.
 C = Inter-level travel time spent in this place.
 D = Time resting spent in this place.
 E = Time spent auto-exploring this place.
 F = Levels seen in this place.
 G = Mean time per level.
                   A        B        C        D        E       F      G
               +--------+--------+--------+--------+--------+-----+--------+
         Total |   2288 |   2228 |     60 |    361 |   1513 |   3 |  762.7 |
       Dungeon |   2288 |   2228 |     60 |    361 |   1513 |   3 |  762.7 |
               +--------+--------+--------+--------+--------+-----+--------+

Top non-repeatable levels by time:
     D:1: 1270 daAuts
     D:2: 908 daAuts
     D:3: 109 daAuts
